 Dungeon Crawl Stone Soup version 0.30-a0-134-gb40fab5c76 (webtiles) character file.

Game seed: 5224133496273918819

532 enile the Magician (level 7, -3/53 HPs)
             Began as a Djinni Fire Elementalist on Sept 20, 2022.
             Slain by a scorpion (6 damage)
             ... on level 5 of the Dungeon.
             The game lasted 00:05:08 (5332 turns).

enile the Magician (Djinni Fire Elementalist)       Turns: 5332, Time: 00:05:09

Health: -3/53      AC:  2    Str:  7    XL:     7   Next: 49%
Gold:   235        EV: 12    Int: 18    God:
                   SH:  0    Dex: 14

rFire   + + .      SeeInvis .    o - +3 mace (drain)
rCold   x . .      Faith    .    (no shield)
rNeg    . . .      Spirit   .    a - +0 robe
rPois   ∞          Reflect  .    (no helmet)
rElec   .          Harm     .    (no cloak)
rCorr   .          Rampage  .    (no gloves)
Will    .....                    (boots unavailable)
Stlth   ++........               (no amulet)
HPRegen 0.17/turn                (no ring)
MPRegen 0.00/turn                (no ring)

@: about to teleport, flying
A: sickness immunity, fire resistance 2, cold vulnerability 1, float, innate
caster, HP casting, extra vitality 1
a: no special abilities


You were on level 5 of the Dungeon.
You visited 1 branch of the dungeon, and saw 5 of its levels.

You collected 235 gold pieces.

Inventory:

Hand Weapons
 c - a +0 rapier
 o - a +3 mace of draining (weapon)
Missiles
 e - 3 poisoned darts (quivered)
 n - 5 atropa-tipped darts
Armour
 a - a +0 robe (worn)
 s - the +5 plate armour "Loddecemi" {Harm}
   (You found it on level 4 of the Dungeon)

   Harm:      It increases damage dealt and taken.
Wands
 h - a wand of polymorph (4)
 m - a wand of digging (3)
Scrolls
 k - a scroll of enchant weapon {unknown}
 l - a scroll of poison {unknown}
 p - a scroll of teleportation
 q - a scroll of blinking {unknown}
 r - 2 scrolls of amnesia {unknown}
Potions
 d - a potion of magic {unknown}
 f - a potion of brilliance
 i - 2 potions of might {unknown}
 j - a potion of attraction {unknown}
 u - a potion of resistance {unknown}


   Skills:
 + Level 4.6 Fighting
 - Level 2.1 Dodging
 - Level 1.5 Stealth
 - Level 5.0 Spellcasting


You couldn't memorise any spells.
You knew the following spells:

 Your Spells              Type           Power      Damage    Failure   Level
a - Foxfire               Conj/Fire      88%        2x1d8     1%          1
b - Scorch                Fire           44%        2d7       2%          2
c - Kindle Blastsparks    Fire/Tloc/Air  44%        2d13      4%          3
d - Inner Flame           Hex/Fire       22%        N/A       4%          3
e - Flame Wave            Conj/Fire      22%        2d8       17%         4
f - Shock                 Conj/Air       88%        1d8       1%          1
g - Searing Ray           Conj           44%        2d6       2%          2
h - Ensorcelled Hibernat  Hex/Ice        44%        N/A       2%          2
Your spell library was empty.

Dungeon Overview and Level Annotations

Branches:
Dungeon (5/15)
 Temple: D:4-7

Altars:
Ashenzari
Dithmenos
Qazlal
Trog
Xom


Innate Abilities, Weirdness & Mutations

You are immune to sickness and miasma.
You are immune to poison.
Your flesh is very heat resistant. (rF++)
You are vulnerable to cold. (rC-)
You float through the air rather than walking.
You learn spells naturally, not from books.
Your magical power is your life essence.
You have superior vitality. (+4 MHP)


Message History

The black bear barely misses you. The black bear claws you.
* * * LOW HITPOINT WARNING * * *
You feel better. The black bear bites you. The black bear claws you.
The black bear closely misses you.
As you read the scroll labelled HECARE VIGYTI, it crumbles to dust.
It is a scroll of identify.
f - a potion of brilliance The black bear bites you.
The black bear claws you.
* * * LOW HITPOINT WARNING * * *
The black bear completely misses you.
Okay, then.
As you read the scroll labelled XYOGAPN BYCEA, it crumbles to dust.
You feel strangely unstable.
It was a scroll of teleportation.
The black bear barely misses you. The black bear claws you.
* * * LOW HITPOINT WARNING * * *
The black bear claws you but does no damage.
Your surroundings suddenly seem different.
A black bear, a dart slug and a scorpion come into view.
Found 3 poisoned darts.
A centaur, a black bear and an orc warrior come into view.
Found 19 gold pieces.
The orc warrior unwields a +0 short sword.
The orc warrior wields a +0 arbalest.
The orc warrior shoots a bolt.
The bolt barely misses you.
The black bear growls angrily.
You hear an angry hiss.
The scorpion attacks as you move away! The scorpion stings you.
* * * LOW HITPOINT WARNING * * *
You hear a bark!
You hear an angry hiss.
You hear a shout!
The scorpion barely misses you.
The black bear growls angrily.
An adder comes into view.
The orc warrior shoots a bolt.
The bolt misses you. The scorpion barely misses you.
The adder moves out of view.
As you read the scroll of teleportation, it crumbles to dust.
You feel strangely unstable. The scorpion stings you.
* * * LOW HITPOINT WARNING * * *
Okay, then.
Okay, then.
The scorpion attacks as you move away! The scorpion stings you.
You die...

.##.# # ....
###..#.# ... ...
.....#
#####.#.##### #
............##.#
### #@###..#.#..
.....#.s........
..c...h......#.#..
#...#..h#.........
.# #...#(#.......#
#...#.S.#..###.#
.o....... ..#
#...#...#. ..#
.#$#...#.#...#


You could see an orc warrior, 2 black bears, a scorpion and an adder.

Vanquished Creatures
  A centaur (D:5)
  A scorpion (D:4)
  A necrophage (D:4)
  An orc priest (D:3)
  An iguana (D:4)
  Natasha (thrice) (D:2)
  3 gnolls
  5 adders
  An ufetubus (D:5)
  A worm (D:4)
  4 dart slugs
  5 orcs
  3 bats
  10 endoplasms
  A giant cockroach (D:1)
  12 goblins
  8 hobgoblins
  7 jackals
  8 quokkas
  8 ball pythons
  3 frilled lizards
  12 kobolds
  10 rats
109 creatures vanquished.

Vanquished Creatures (others)
  367 foxfires
367 creatures vanquished.

Grand Total: 476 creatures vanquished

Notes
Turn   | Place    | Note
-------+----------+-------------------------------------------
     0 | D:1      | enile the Djinni Fire Elementalist began the quest for the
                  | Orb.
     0 | D:1      | enile set off with the following spells memorised: Foxfire,
                  | Scorch, Kindle Blastsparks, Inner Flame, Flame Wave.
     0 | D:1      | Reached XP level 1. HP: 15/15 MP: 0/0
    11 | D:1      | Noticed a spriggan
    17 | D:1      | Noticed a vine stalker
    17 | D:1      | Noticed a minotaur skeleton
    19 | D:1      | Noticed a barachi
   434 | D:1      | Reached skill level 1 in Fighting
   494 | D:1      | Reached XP level 2. HP: 12/22 MP: 0/0
   904 | D:1      | Reached XP level 3. HP: 17/29 MP: 0/0
   904 | D:1      | Learned a level 1 spell: Shock
  1899 | D:1      | Reached XP level 4. HP: 8/35 MP: 0/0
  3008 | D:2      | Reached XP level 5. HP: 38/40 MP: 0/0
  3008 | D:2      | Learned a level 2 spell: Searing Ray
  3084 | D:2      | Reached skill level 3 in Spellcasting
  3193 | D:2      | Noticed Natasha
  3201 | D:2      | Killed Natasha
  3320 | D:2      | Found the +6 shillelagh "Devastator" {shatter}
  3420 | D:2      | Noticed Natasha
  3426 | D:2      | Killed Natasha
  3500 | D:2      | Noticed Natasha
  3509 | D:2      | Killed Natasha
  3510 | D:2      | Reached XP level 6. HP: 29/46 MP: 0/0
  3752 | D:3      | Found a faded altar of an unknown god.
  3848 | D:3      | Reached skill level 4 in Spellcasting
  4060 | D:3      | Found a shimmering altar of Xom.
  4061 | D:3      | Found a stormy altar of Qazlal.
  4313 | D:3      | Found a shadowy altar of Dithmenos.
  4696 | D:4      | Reached XP level 7. HP: 41/50 MP: 0/0
  4696 | D:4      | Learned a level 2 spell: Ensorcelled Hibernation
  4856 | D:4      | Identified the +5 plate armour "Loddecemi" {Harm}
  4879 | D:4      | Found a bloodstained altar of Trog.
  4913 | D:4      | Reached skill level 5 in Spellcasting
  5052 | D:4      | Found a broken altar of Ashenzari.
  5294 | D:5      | Entered Level 5 of the Dungeon
  5332 | D:5      | Slain by a scorpion

Illustrated notes

Levels and vault maps discovered:
D:1:      shiori_arrival_whats_in_store_for_you, layout_rooms,
          minmay_box_of_dots
D:2:      layout_rooms, columned_hall_lemuel, minmay_goblin_outpost,
          uniq_natasha
D:3:      layout_rooms, mainiacjoe_overflow_six_doors_small,
          nicolae_overflow_two_pavilions, hellmonk_ecumenical_altar_run_dry,
          feat_on_display
D:4:      layout_cave_pools, nicolae_overflow_crystal_walls, ashenzari_altar_1
D:5:      cheibrodos_fzero, layout_basic, mainiacjoe_overflow_paths,
          minmay_crystal_room

Skill      XL: |  1  2  3  4  5  6  7 |
---------------+----------------------+-----
Fighting       | 1 2 3 4 |  4.6
Spellcasting   | 3 4 5 |  5.0
Dodging        | |  2.1
Stealth        | |  1.5

Action                   |  1- 3 |  4- 6 |  7- 9 || total
-------------------------+-------+-------+-------++-------
Melee: Rapier            |     1 |       |       ||     1
       Mace              |       |     2 |       ||     2
Throw: Dart              |     2 |       |     1 ||     3
 Cast: Foxfire           |    60 |   120 |    34 ||   214
       Scorch            |    11 |    16 |     7 ||    34
       Kindle Blastspark |       |     3 |       ||     3
       Inner Flame       |       |     1 |       ||     1
  Use: Scroll            |     2 |       |     3 ||     5
       Potion            |     1 |       |     2 ||     3
Armor: Robe              |     6 |     6 |     3 ||    15
Dodge: Dodged            |    19 |    23 |    19 ||    61

Table legend: (Time is in decaauts)
 A = Elapsed time spent in this place.
 B = Non-inter-level travel time spent in this place.
 C = Inter-level travel time spent in this place.
 D = Time resting spent in this place.
 E = Time spent auto-exploring this place.
 F = Levels seen in this place.
 G = Mean time per level.
                   A        B        C        D        E       F      G
               +--------+--------+--------+--------+--------+-----+--------+
         Total |   5333 |   5247 |     86 |    247 |   4152 |   5 | 1066.6 |
       Dungeon |   5333 |   5247 |     86 |    247 |   4152 |   5 | 1066.6 |
               +--------+--------+--------+--------+--------+-----+--------+

Top non-repeatable levels by time:
     D:1: 2652 daAuts
     D:2: 981 daAuts
     D:4: 863 daAuts
     D:3: 798 daAuts
     D:5: 37 daAuts
